 Dungeon Crawl Stone Soup version 0.24-a0-118-g3d66cf40a6 (webtiles) character file.

Game seed: 10410625557622118286

65 MrRokkomies the Caller (level 4, -34/34 HPs)
             Began as a Gnoll Wanderer on Feb 19, 2019.
             Killed from afar by a guardian golem (57 damage)
             ... with an exploding inner flame
             ... summoned by the player character
             ... hexed by INVALID YOU_FAULTLESS
             ... on level 2 of the Dungeon.
             The game lasted 00:06:39 (1940 turns).

MrRokkomies the Caller (Gnoll Wanderer)             Turns: 1940, Time: 00:06:50

Health: -34/34     AC:  3    Str: 17    XL:     4   Next: 13%
Magic:  10/11      EV: 12    Int: 13    God:
Gold:   91         SH:  0    Dex: 14    Spells: 0/13 levels left

rFire    . . .     SeeInvis .   a - +0 spear
rCold    . . .     Gourm    .   (no shield)
rNeg     . . .     Faith    .   d - +0 robe
rPois    +         Spirit   .   (no helmet)
rElec    .         Reflect  .   (no cloak)
rCorr    .         Harm     .   (no gloves)
MR       .....                  h - +0 pair of boots
Stlth    +++.......             (no amulet)
HPRegen  0.11/turn              j - ring of poison resistance
MPRegen  0.12/turn              (no ring)

@: no status effects
A: distributed training, fangs 1, strong nose
a: no special abilities


You were on level 2 of the Dungeon.
You were very hungry.

You visited 1 branch of the dungeon, and saw 2 of its levels.

You collected 91 gold pieces.

Inventory:

Hand Weapons
 a - a +0 spear (weapon)
 b - a +0 hunting sling
Missiles
 e - 43 stones (quivered)
Armour
 d - a +0 robe (worn)
 h - a +0 pair of boots (worn)
Jewellery
 j - a ring of poison resistance (left hand)
Scrolls
 c - a scroll of teleportation {unknown}
 f - a scroll of amnesia {unknown}
 i - a scroll of remove curse
 k - a scroll of identify
 l - a scroll of fear {unknown}
Potions
 m - a potion of brilliance
 n - 2 potions of curing
Comestibles
 g - 2 rations


   Skills:
 + Level 2.7 Fighting
 + Level 1.0 Short Blades
 + Level 1.0 Long Blades
 + Level 1.0 Axes
 + Level 1.0 Maces & Flails
 + Level 1.0 Polearms
 + Level 1.0 Staves
 + Level 1.0 Slings
 + Level 2.7 Bows
 + Level 1.0 Crossbows
 + Level 1.0 Throwing
 + Level 2.7 Armour
 + Level 1.0 Dodging
 + Level 4.2 Stealth
 + Level 1.0 Shields
 + Level 1.0 Unarmed Combat
 + Level 5.0 Spellcasting
 + Level 0.7 Conjurations
 + Level 0.7 Hexes
 + Level 0.7 Charms
 + Level 5.4 Summonings
 + Level 0.7 Necromancy
 + Level 0.7 Translocations
 + Level 0.7 Transmutations
 + Level 0.7 Fire Magic
 + Level 0.7 Ice Magic
 + Level 0.7 Air Magic
 + Level 0.7 Earth Magic
 + Level 0.7 Poison Magic
 + Level 1.1 Invocations
 + Level 1.0 Evocations


You couldn't memorise any spells.
You knew the following spells:

 Your Spells              Type           Power        Failure   Level  Hunger
a - Summon Small Mammal   Summ           ###.         1%          1    None
b - Call Imp              Summ           ###.....     3%          2    ##.....
c - Summon Guardian Gole  Hex/Summ       ##......     16%         3    ###....
d - Call Canine Familiar  Summ           ###.....     6%          3    ###....
e - Summon Ice Beast      Ice/Summ       ##......     45%         4    ####...

Your spell library contained the following spells:

 Spells                   Type           Power        Failure   Level  Hunger
 Apportation              Tloc           #.....       14%         1    None
 Teleport Other           Tloc           #.......     38%         3    ###....
 Summon Lightning Spire   Summ/Air       ##......     45%         4    ####...


Dungeon Overview and Level Annotations

Branches:
Dungeon (2/15)

Altars:

Annotations:
D:2 Natasha


Innate Abilities, Weirdness & Mutations

Your experience applies equally to all skills.
You have very sharp teeth.
Your uncanny sense of smell can sniff out nearby items.


Message History

Natasha claws your guardian golem but does no damage.
Attack whom?
Press: ? - help, Dir - move target cursor, f/p - Natasha
Aim: Natasha (moderately wounded)
You could not reach far enough!
Natasha claws your guardian golem but does no damage.
Attack whom?
Press: ? - help, Dir - move target cursor, f/p - Natasha
Aim: Natasha (moderately wounded)
You could not reach far enough!
Natasha claws your guardian golem.
Attack whom?
Press: ? - help, Dir - move target cursor, f/p - Natasha
Aim: Natasha (moderately wounded)
You reach to attack!
You hit Natasha but do no damage.
Natasha is moderately wounded.
Natasha claws your guardian golem.
Your guardian golem explodes!
The fiery explosion engulfs you!!!
Ouch! That really hurt!
You die...

# #. #.#..)#....###
#.##.##.#...#..<.#..
#.##........#....# #
#.##.##÷#...#....# #
#######.##........#....# #
#.......###.#....##....###
#.......# #..############.
#.......###.... ####. #
###...)5§@#...## #.... #.
#.....#.#.#.... #..#. #.
#.#..##.#h##.... #..#.
#.###.#..##.#5###.###
#.... .###..........>#5#
#..## ####..##
.......#.#..####.# #..#.
#....... ######.#.#..# #.#
.... #....... #.....#.####
... #.. #....... #.....#.#
#(#####.>##.......


You could see Natasha, 2 crimson imps and a white imp.

Vanquished Creatures
  Jessica (D:2)
  A leopard gecko (D:1)
  A ball python (D:2)
  5 giant cockroaches
  2 goblins (D:1)
  4 hobgoblins
  2 jackals (D:1)
  2 quokkas (D:2)
  4 bats
  2 frilled lizards
  4 kobolds
  4 rats
32 creatures vanquished.

Vanquished Creatures (collateral kills)
  A hobgoblin (D:1)
  2 kobolds (D:1)
  A frilled lizard (D:1)
  A rat (D:1)
5 creatures vanquished.

Grand Total: 37 creatures vanquished

Notes
Turn   | Place    | Note
-------+----------+-------------------------------------------
     0 | D:1      | MrRokkomies the Gnoll Wanderer began the quest for the Orb.
     0 | D:1      | MrRokkomies set off with the following items: a potion of
                  | curing, a +0 robe, a +0 club, a +0 dagger, a ration; and
                  | the following spells available to memorise: Summon Small
                  | Mammal, Call Imp, Call Canine Familiar, Apportation, Summon
                  | Guardian Golem, Teleport Other, Summon Ice Beast, Summon
                  | Lightning Spire
     0 | D:1      | Reached XP level 1. HP: 17/17 MP: 6/6
   304 | D:1      | Learned a level 1 spell: Summon Small Mammal
   402 | D:1      | Reached XP level 2. HP: 8/23 MP: 4/7
   903 | D:1      | HP: 1/23 [leopard gecko (3)]
  1408 | D:1      | Reached XP level 3. HP: 28/28 MP: 9/9
  1460 | D:2      | Reached skill level 5 in Spellcasting
  1722 | D:2      | Noticed Jessica
  1727 | D:2      | Killed Jessica
  1727 | D:2      | Reached skill level 1 in Short Blades
  1727 | D:2      | Reached skill level 1 in Long Blades
  1727 | D:2      | Reached skill level 1 in Axes
  1727 | D:2      | Reached skill level 1 in Maces & Flails
  1727 | D:2      | Reached skill level 1 in Polearms
  1727 | D:2      | Reached skill level 1 in Staves
  1727 | D:2      | Reached skill level 1 in Slings
  1727 | D:2      | Reached skill level 1 in Crossbows
  1727 | D:2      | Reached skill level 1 in Throwing
  1727 | D:2      | Reached skill level 1 in Dodging
  1727 | D:2      | Reached skill level 1 in Shields
  1727 | D:2      | Reached skill level 1 in Unarmed Combat
  1727 | D:2      | Reached skill level 1 in Invocations
  1727 | D:2      | Reached skill level 1 in Evocations
  1727 | D:2      | Reached XP level 4. HP: 32/34 MP: 11/11
  1736 | D:2      | Learned a level 2 spell: Call Imp
  1740 | D:2      | Learned a level 3 spell: Summon Guardian Golem
  1744 | D:2      | Learned a level 3 spell: Call Canine Familiar
  1749 | D:2      | Learned a level 4 spell: Summon Ice Beast
  1916 | D:2      | Noticed Natasha
  1940 | D:2      | Killed from afar by a guardian golem

Levels and vault maps discovered:
D:1:      noname_arrival_rooms_in_the_neighbourhood, layout_rooms,
          minmay_misc_feat_encased
D:2:      layout_basic, lemuel_round_altar, marbit_many_paths, first_ration,
          chequers_arboretum, uniq_jessica, uniq_robin, uniq_natasha

Skill      XL: |  1  2  3 |
---------------+----------+-----
Spellcasting   | 5 |  5.0
Short Blades   | 1 |  1.0
Long Blades    | 1 |  1.0
Axes           | 1 |  1.0
Maces & Flails | 1 |  1.0
Polearms       | 1 |  1.0
Staves         | 1 |  1.0
Slings         | 1 |  1.0
Crossbows      | 1 |  1.0
Throwing       | 1 |  1.0
Dodging        | 1 |  1.0
Shields        | 1 |  1.0
Unarmed Combat | 1 |  1.0
Invocations    | 1 |  1.1
Evocations     | 1 |  1.0
Fighting       | |  2.7
Bows           | |  2.7
Armour         | |  2.7
Stealth        | |  4.2
Conjurations   | |  0.7
Hexes          | |  0.7
Charms         | |  0.7
Summonings     | |  5.4
Necromancy     | |  0.7
Translocations | |  0.7
Transmutations | |  0.7
Fire Magic     | |  0.7
Ice Magic      | |  0.7
Air Magic      | |  0.7
Earth Magic    | |  0.7
Poison Magic   | |  0.7

Action                   |  1- 3 |  4- 6 || total
-------------------------+-------+-------++-------
Melee: Dagger            |    87 |       ||    87
       Bite              |    15 |       ||    15
       Spear             |    15 |     9 ||    24
 Fire: Hunting sling     |    18 |    27 ||    45
 Cast: Summon Small Mamm |    10 |       ||    10
       Summon Guardian G |       |     1 ||     1
  Use: Potion            |     1 |       ||     1
       Scroll            |     4 |       ||     4
 Stab: Sleeping          |     3 |       ||     3
       Distracted        |     1 |       ||     1
  Eat: Chunk             |     2 |       ||     2
Armor: Robe              |    32 |     2 ||    34
Dodge: Dodged            |    65 |    13 ||    78

Table legend:
 A = Non-vault XP
 B = Vault XP
 C = Vault XP percentage of total XP
 D = Non-vault monster count
 E = Vault monster count
 F = Vault count percentage of total count
                 A         B        C        D         E       F
            +---------+---------+-------+---------+---------+-------
      Total |      56 |      37 |  39.8 |      36 |       1 |   2.7
            +---------+---------+-------+---------+---------+-------
        D:1 |      37 |       0 |   0.0 |      23 |       0 |   0.0
        D:2 |      19 |      37 |  66.1 |      13 |       1 |   7.1
            +---------+---------+-------+---------+---------+-------
